 Dungeon Crawl Stone Soup version 0.29-a0-551-gffc1d7fb78 (webtiles) character file.

Game seed: 8074710815100869437

1929 Hubjo the Cutter (level 8, -1/64 HPs)
             Began as a Demonspawn Wanderer on June 5, 2022.
             Killed from afar by an electric eel (12 damage)
             ... with a bolt of electricity
             ... on level 6 of the Dungeon.
             The game lasted 00:11:52 (6781 turns).

Hubjo the Cutter (Demonspawn Wanderer)              Turns: 6781, Time: 00:11:52

Health: -1/64      AC: 11    Str: 12    XL:     8   Next: 96%
Magic:  11/11      EV: 11    Int: 18    God:
Gold:   252        SH:  0    Dex: 17    Spells: 5/11 levels left

rFire   . . .      SeeInvis .   i - +3 dagger (venom)
rCold   . . .      Faith    .   (no shield)
rNeg    . . .      Spirit   .   e - +0 robe
rPois   +          Reflect  .   (no helmet)
rElec   .          Harm     .   F - +2 cloak {rPois}
rCorr   .          Rampage  .   b - +0 pair of gloves
Will    .....                   (no boots)
Stlth   ++........              (no amulet)
HPRegen 0.20/turn               f - +4 ring of protection
MPRegen 0.12/turn               j - +6 ring of dexterity

@: very slow
A: rugged brown scales 1, demonic touch 2
a: no special abilities


You were on level 6 of the Dungeon.
You visited 2 branches of the dungeon, and saw 7 of its levels.
You also visited: Sewer.

You collected 252 gold pieces.

Inventory:

Hand Weapons
 a - a +0 mace
 i - a +3 dagger of venom (weapon)
Missiles
 d - 138 stones
 v - 4 boomerangs of dispersal
Armour
 b - a +0 pair of gloves (worn)
 e - a +0 robe (worn)
 F - a +2 cloak of poison resistance (worn)
Jewellery
 f - a +4 ring of protection (left hand)
 j - a +6 ring of dexterity (right hand)
 m - a ring of ice
 r - a +6 ring of intelligence
 u - a ring of flight
 w - a ring of fire
 H - an amulet of magic regeneration
Scrolls
 k - 2 scrolls of immolation
 l - 2 scrolls of blinking
 p - 5 scrolls of teleportation
 x - 2 scrolls of magic mapping
 y - a scroll of fog
 C - 2 scrolls of fear
 D - a scroll of identify
 E - a scroll of amnesia {unknown}
Potions
 c - a potion of haste
 g - a potion of berserk rage {unknown}
 h - 2 potions of curing {unknown}
 n - 3 potions of might {unknown}
 o - 2 potions of heal wounds
 q - 2 potions of brilliance {unknown}
 s - a potion of ambrosia {unknown}
 t - 3 potions of degeneration {unknown}
 z - 2 potions of cancellation {unknown}
 A - 3 potions of invisibility {unknown}
 B - a potion of magic {unknown}
 G - 2 potions of flight {unknown}


   Skills:
 + Level 5.4 Fighting
 + Level 5.9 Short Blades
 - Level 1.0 Maces & Flails
 + Level 5.9 Stealth
 - Level 2.3 Spellcasting
 * Level 3.3 Conjurations
 - Level 4.3 Earth Magic
 - Level 1.0 Evocations


You had 5 spell levels left.
You knew the following spells:

 Your Spells              Type           Power      Damage    Failure   Level
a - Sandblast             Erth           34%        2d9       3%          1
b - Iskenderun's Battles  Conj           14%        2d7       77%         5

Your spell library contained the following spells:

 Spells                   Type           Power      Damage    Failure   Level
 Sting                    Tmut/Pois      8%         1d3       19%         1
 Poisonous Vapours        Pois/Air       4%         N/A       26%         2
 Leda's Liquefaction      Hex/Erth       4%         N/A       58%         4
 Petrify                  Tmut/Erth      9%         N/A       58%         4
 Olgreb's Toxic Radiance  Pois           2%         N/A       87%         4
 Fireball                 Conj/Fire      4%         3d4       94%         5
 Conjure Ball Lightning   Conj/Air       4%         3x3d6     100%        6
 Orb of Destruction       Conj           7%         9d6       100%        7


Dungeon Overview and Level Annotations

Branches:
Dungeon (6/15)             Temple (1/1) D:4           Sewer (visited)

Altars:
Cheibriados
Dithmenos
Elyvilon
Fedhas
Gozag
Hepliaklqana
Kikubaaqudgha
Nemelex Xobeh
Qazlal
Ru
Sif Muna
Uskayaw
Vehumet
Wu Jian
Xom
Yredelemnul
Zin
The Shining One


Innate Abilities, Weirdness & Mutations

You are partially covered in rugged brown scales. (AC +1, +3% HP)
Your touch may inflict irresistible damage on your foes.


Message History

The bolt of electricity hits you!
An electric eel comes into view.
Your unstable footing causes you to fumble your attack.
Your unstable footing causes you to fumble your attack.
The electric eel shoots out a bolt of lightning at you!
The bolt of electricity hits you.
You hit the electric eel.
The electric eel is poisoned.
The electric eel is lightly wounded.
You hit the electric eel but do no damage.
The electric eel looks as sick as possible!
The electric eel is lightly wounded.
The electric eel shoots out a bolt of lightning at you!
The bolt of electricity hits you!
You miss the electric eel.
The electric eel is heavily wounded.
The electric eel shoots out a bolt of lightning at you!
The bolt of electricity hits the electric eel.
The electric eel completely resists.
The bolt of electricity hits you!
The electric eel shoots out a bolt of lightning at you!
The bolt of electricity hits you.
You hit the electric eel.
The electric eel looks as sick as possible!
Your touch misses the electric eel.
The electric eel is almost dead.
You closely miss the electric eel.
You touch the electric eel.
You kill the electric eel!
You hear a splash.
You completely miss the electric eel. You hit the electric eel.
The electric eel is poisoned.
Your touch misses the electric eel.
The electric eel is moderately wounded.
The electric eel shoots out a bolt of lightning at you!
The bolt of electricity hits you!
The electric eel shoots out a bolt of lightning at you!
The bolt of electricity misses you. The bolt of electricity hits you!
* * * LOW HITPOINT WARNING * * *
The electric eel shoots out a bolt of lightning at you!
The bolt of electricity hits the electric eel.
The electric eel completely resists.
The bolt of electricity hits you!
You die...

##≈≈.....### #.#.
#####'### ≈≈≈≈ #.#. #..#
≈≈≈. #.#. ##''## ≈≈. #.#.
#....# ≈≈##### #.#. #....#
≈≈≈≈≈≈≈ #.#. #....#
≈≈≈≈≈≈≈ #.#.
#....######≈≈≈≈≈## #.#.
#.####.#≈@S≈S≈≈≈≈≈≈ #.#.
≈≈# ##≈≈≈≈≈≈≈≈≈≈≈≈ #.#.
.≈## ###≈≈≈≈≈≈≈≈≈≈ #.#.
##########################
#.#.
........>....[.......#
#.#.
##....#.........####.#
#... #.##.#.......#.####.#
#### #.#.......)..#.#....#
#.#............#.####


You could see 2 electric eels.

Vanquished Creatures
  Grinder (D:5)
  Sigmund (D:2)
  An orc warrior (D:4)
  An ice beast (D:6)
  Pargi (Sewer)
  A black bear (D:5)
  2 ogres
  A centaur (D:5)
  A bullfrog (D:6)
  A scorpion (D:5)
  4 necrophages
  2 howler monkeys
  2 electric eels (D:6)
  3 hounds (D:6)
  Crazy Yiuf (D:5)
  An orc priest (D:5)
  4 iguanas
  2 orc wizards
  2 river rats (D:5)
  5 adders
  A worm (D:5)
  12 orcs
  13 ball pythons
  3 endoplasms
  6 giant cockroaches
  8 goblins
  14 hobgoblins
  3 jackals (D:2)
  6 kobolds
  5 quokkas
  4 bats
  9 frilled lizards
  6 rats
127 creatures vanquished.

Vanquished Creatures (others)
  15 plants (D:6)
15 creatures vanquished.

Grand Total: 142 creatures vanquished

Notes
Turn   | Place    | Note
-------+----------+-------------------------------------------
     0 | D:1      | Hubjo the Demonspawn Wanderer began the quest for the Orb.
     0 | D:1      | Hubjo set off with the following items: a +0 mace, a +0
                  | pair of gloves, a potion of haste, 29 stones, a +0 robe;
                  | and the following spell memorised: Sandblast; and the
                  | following spells available to memorise: Leda's
                  | Liquefaction, Petrify
     0 | D:1      | Reached XP level 1. HP: 15/15 MP: 3/3
   192 | D:1      | Gained mutation: Your touch may inflict minor irresistible
                  | damage on your foes. [demonic ancestry]
   192 | D:1      | Reached XP level 2. HP: 21/21 MP: 5/5
  1103 | D:2      | Gained mutation: Your touch may inflict irresistible damage
                  | on your foes. [demonic ancestry]
  1103 | D:2      | Reached XP level 3. HP: 27/27 MP: 6/6
  1659 | D:3      | Reached skill level 1 in Short Blades
  1659 | D:3      | Reached XP level 4. HP: 28/34 MP: 7/7
  1663 | D:3      | Noticed Sigmund
  2029 | D:2      | Killed Sigmund
  2030 | D:2      | Reached XP level 5. HP: 38/40 MP: 8/8
  2313 | D:3      | Found a radiant altar of Vehumet.
  2342 | D:3      | Found a faded altar of an unknown god.
  2781 | D:3      | Reached XP level 6. HP: 47/47 MP: 9/9
  2946 | D:3      | HP: 2/47 [poisoned by an orc wizard]
  3521 | D:4      | Found a staircase to the Ecumenical Temple.
  3526 | D:4      | Noticed an orc warrior
  3530 | D:4      | Killed an orc warrior
  3531 | D:4      | Gained mutation: You are partially covered in rugged brown
                  | scales. (AC +1, +3% HP) [demonic ancestry]
  3531 | D:4      | Reached XP level 7. HP: 48/54 MP: 10/10
  3797 | D:4      | Found an opulent altar of Gozag.
  3984 | Temple   | Entered the Ecumenical Temple
  4258 | D:5      | Entered Level 5 of the Dungeon
  4308 | D:5      | Noticed Grinder
  4311 | D:5      | Paralysed by Grinder for 5 turns
  4602 | D:5      | Paralysed by Grinder for 5 turns
  4619 | D:5      | Killed Grinder
  4620 | D:5      | Reached skill level 5 in Short Blades
  4620 | D:5      | Reached skill level 5 in Stealth
  4620 | D:5      | Reached XP level 8. HP: 44/62 MP: 11/11
  4736 | D:5      | Found a glowing drain.
  4740 | Sewer    | Entered a sewer
  4891 | Sewer    | Noticed Pargi
  4905 | Sewer    | Killed Pargi
  5301 | D:5      | Learned a level 5 spell: Iskenderun's Battlesphere
  5406 | D:5      | Found a hazy altar of Hepliaklqana.
  5522 | D:5      | Found a runed translucent door.
  5523 | D:5      | Noticed Crazy Yiuf
  5534 | D:5      | Killed Crazy Yiuf
  5832 | D:6      | Reached skill level 1 in Conjurations
  5894 | D:6      | Reached skill level 5 in Fighting
  5945 | D:6      | Found a snail-covered altar of Cheibriados.
  6213 | D:6      | Found a hide-covered altar of Uskayaw.
  6214 | D:6      | Found a shadowy altar of Dithmenos.
  6272 | D:6      | Found an ancient bone altar of Kikubaaqudgha.
  6781 | D:6      | Killed from afar by an electric eel

Illustrated notes

Levels and vault maps discovered:
D:1:      dreamdust_arrival_sigmund_warning, layout_loops_ring
D:2:      layout_loops_ring
D:3:      layout_basic, mainiacjoe_overflow_six_doors_small,
          hellmonk_ecumenical_altar_heavens_door, st_stairs_9, uniq_sigmund
D:4:      layout_rooms, grunt_gozag_statues, minmay_temple_entry_mini_moons
D:5:      layout_rooms, mainiacjoe_overflow_24_doors,
          gammafunk_temple_overflow_wave, gup_sewer_entry_spiral,
          kennysheep_path_1, amcnicky_mini_rare_corridor_liquid, uniq_grinder,
          uniq_crazy_yiuf_cottage
D:6:      wad_lake_hut, layout_basic, mainiacjoe_overflow_surrounded_room,
          general_overflow_altar, gammafunk_temple_overflow_statue, st_stairs_2,
          uniq_menkaure
Temple:   compressed_dpeg_triangle_lava_temple

Skill      XL: |  1  2  3  4  5  6  7  8 |
---------------+-------------------------+-----
Earth Magic    | 2 3 4 |  4.3
Stealth        | 3 4 5 |  5.9
Fighting       | 2 3 4 5 |  5.4
Short Blades   | 1 2 3 5 |  5.9
Conjurations   | 3 |  3.3
Maces & Flails | |  1.0
Spellcasting   | |  2.3
Evocations     | |  1.0

Action                   |  1- 3 |  4- 6 |  7- 9 || total
-------------------------+-------+-------+-------++-------
Melee: Mace              |    22 |       |       ||    22
       Dagger            |    52 |    79 |   194 ||   325
       Touch             |    17 |    11 |    38 ||    66
       Punch             |       |       |     3 ||     3
  Use: Scroll            |     3 |     3 |     4 ||    10
       Potion            |       |     1 |     1 ||     2
 Stab: Sleeping          |     6 |     4 |     9 ||    19
       Distracted        |       |       |     1 ||     1
Armor: Robe              |    31 |    30 |    38 ||    99
Dodge: Dodged            |    33 |    46 |    72 ||   151

Table legend: (Time is in decaauts)
 A = Elapsed time spent in this place.
 B = Non-inter-level travel time spent in this place.
 C = Inter-level travel time spent in this place.
 D = Time resting spent in this place.
 E = Time spent auto-exploring this place.
 F = Levels seen in this place.
 G = Mean time per level.
                   A        B        C        D        E       F      G
               +--------+--------+--------+--------+--------+-----+--------+
         Total |   6806 |   6243 |    563 |   1300 |   3974 |   8 |  850.8 |
       Dungeon |   6259 |   5708 |    551 |   1300 |   3545 |   6 | 1043.2 |
        Temple |    261 |    249 |     12 |      0 |    241 |   1 |  261.0 |
         Sewer |    285 |    285 |      0 |      0 |    187 |   1 |  285.0 |
               +--------+--------+--------+--------+--------+-----+--------+

Top non-repeatable levels by time:
     D:3: 1239 daAuts
     D:2: 1235 daAuts
     D:6: 1020 daAuts
     D:5: 976 daAuts
     D:1: 971 daAuts
     D:4: 816 daAuts
   Sewer: 285 daAuts
  Temple: 261 daAuts
